 Dungeon Crawl Stone Soup version 0.27-b1-16-g6517624069 (webtiles) character file.

Game seed: 10932383704607053799

549 mhtbhm the Chopper (level 7, -4/60 HPs)
             Began as a Minotaur Fighter on July 26, 2021.
             Was a Follower of Ashenzari.
             Slain by a wyvern zombie (12 damage)
             ... on level 5 of the Dungeon.
             The game lasted 00:05:01 (4445 turns).

mhtbhm the Chopper (Minotaur Fighter)               Turns: 4445, Time: 00:05:01

Health: -4/60      AC:  8    Str: 22    XL:     7   Next: 7%
Magic:  6/6        EV:  8    Int:  5    God:    Ashenzari [*.....]
Gold:   249        SH: 10    Dex: 10    Spells: 6/6 levels left

rFire    . . .     SeeInvis .   a - +0 war axe
rCold    . . .     Faith    .   c - +0 kite shield "Chained Together" {Comp, Melee} (curse)
rNeg     . . .     Spirit   .   b - +0 scale mail
rPois    .         Reflect  .   (helmet restricted)
rElec    .         Harm     .   (no cloak)
rCorr    .         Rampage  .   o - +0 pair of gloves "Chained Fortune-Teller" {Melee, Bglg} (curse)
Will     .....                  (no boots)
Stlth    ..........             (no amulet)
HPRegen  0.20/turn              (no ring)
MPRegen  0.10/turn              (no ring)

@: no status effects
A: horns 2, retaliatory headbutt
a: Renounce Religion, Shatter the Chains


You were on level 5 of the Dungeon.
You worshipped Ashenzari.
Ashenzari was aware of your devotion.
You visited 1 branch of the dungeon, and saw 5 of its levels.

You collected 249 gold pieces.

Inventory:

Hand Weapons
 a - a +0 war axe (weapon)
Missiles
 h - 3 atropa-tipped darts (quivered)
Armour
 b - a +0 scale mail (worn)
 c - the cursed +0 kite shield "Chained Together" (worn) {Comp, Melee}

   It has a curse which improves the following skills: Companions: Summonings
   and Necromancy.
   Melee Combat: Short Blades, Long Blades, Axes, Maces & Flails, Polearms,
   Staves and Unarmed Combat.
 o - the cursed +0 pair of gloves "Chained Fortune-Teller" (worn) {Melee, Bglg}
   (You found it on level 4 of the Dungeon)

   It has a curse which improves the following skills: Melee Combat: Short
   Blades, Long Blades, Axes, Maces & Flails, Polearms, Staves and Unarmed
   Combat.
   Beguiling: Conjurations, Hexes and Translocations.
Jewellery
 p - a ring of wizardry
Wands
 j - a wand of polymorph (7)
Scrolls
 e - 3 scrolls of identify
 g - a scroll of brand weapon
 m - a scroll of enchant weapon
 n - a scroll of blinking
 r - a scroll of magic mapping
 s - a scroll of teleportation
Potions
 d - a potion of might
 f - 3 potions of magic
 i - a potion of haste
 k - 2 potions of brilliance
 l - a potion of lignification
 q - a potion of ambrosia


   Skills:
 + Level 4.8 Fighting
 + Level 6.0(7.7) Axes
 + Level 5.7 Armour
 + Level 1.4 Dodging
 + Level 5.3 Shields


You had 6 spell levels left.
You didn't know any spells.
Your spell library contained the following spells:

 Spells                   Type           Power      Damage    Failure   Level
 Gell's Gravitas          Tloc           0%         N/A       100%        3
 Teleport Other           Tloc           0%         N/A       100%        3
 Dispersal                Tloc           0%         N/A       100%        6
 Malign Gateway           Summ/Tloc      0%         N/A       100%        7
 Summon Horrible Things   Summ           0%         N/A       100%        8


Dungeon Overview and Level Annotations

Branches:
Dungeon (5/15)
 Temple: D:4-7

Altars:
Ashenzari
Cheibriados
Fedhas
Qazlal
Zin


Innate Abilities, Weirdness & Mutations

You have a pair of horns on your head.
You reflexively headbutt those who attack you in melee.


Message History

You are engulfed in a cloud of scalding steam.
You feel sick. The adder bites you but does no damage.
The steam dragon bites you.
The steam dragon claws you but does no damage.
The adder bites you. You block the hound zombie's attack.
You slash the adder!
You kill the adder!
You slash the steam dragon! You slash the hound zombie!
You are engulfed in a cloud of scalding steam.
You feel sick.
You are no longer poisoned.
You block the hound zombie's attack. The steam dragon closely misses you.
You furiously retaliate!
You headbutt the steam dragon. You block the steam dragon's attack.
The hound zombie barely misses you. You block the steam dragon's attack.
The steam dragon claws you but does no damage.
A wyvern zombie comes into view.
You block the hound zombie's attack.
You see here an adder corpse.
Unknown command.
Unknown command.
You slash the steam dragon!
The steam dragon is severely wounded.
You barely miss the hound zombie.
The hound zombie bites you but does no damage.
The steam dragon breathes steam at you. The ball of steam hits you!
The wyvern zombie bites you.
* * * LOW HITPOINT WARNING * * *
The hound zombie bites you but does no damage.
The steam dragon completely misses you.
The steam dragon claws you but does no damage.
Unknown command.
You closely miss the steam dragon.
You headbutt the steam dragon, but do no damage.
The steam dragon is severely wounded.
You completely miss the hound zombie. You slash the wyvern zombie!
You are engulfed in a cloud of scalding steam.
* * * LOW HITPOINT WARNING * * *
The hound zombie closely misses you. The wyvern zombie bites you!
You die...

#..)..............#
#........<........####
#....#######..........
###....'.....#..........
.....(.#.....#..........
.......#######..........
.......#...####.§...#
..............§.§Z..#
...#.##.##.##.##@D..+
..### ###########Z..# ..
#....# . #####


You could see a steam dragon (catching breath), a hound zombie and a wyvern
zombie.

Vanquished Creatures
  A centaur (D:5)
  A phantom (D:5)
  A bullfrog (D:3)
  A centaur zombie (D:3)
  A jelly (D:5)
  An orc priest (D:3)
  2 orc wizards
  A hound skeleton (D:3)
  5 gnolls
  2 adders
  An ufetubus (D:5)
  5 worms
  3 dart slugs
  8 orcs
  2 bats
  9 endoplasms
  5 giant cockroaches
  5 hobgoblins
  10 jackals
  2 quokkas
  6 ball pythons
  7 frilled lizards
  4 goblins
  9 kobolds
  A rat (D:2)
93 creatures vanquished.

Notes
Turn   | Place    | Note
-------+----------+-------------------------------------------
     0 | D:1      | mhtbhm the Minotaur Fighter began the quest for the Orb.
     0 | D:1      | Reached XP level 1. HP: 19/19 MP: 0/0
    27 | D:1      | Reached XP level 2. HP: 11/27 MP: 1/1
   577 | D:1      | Reached XP level 3. HP: 33/33 MP: 2/2
   886 | D:2      | Reached skill level 3 in Axes
  1115 | D:2      | Found a faded altar of an unknown god.
  1126 | D:2      | Became a worshipper of Ashenzari the Shackled
  1549 | D:3      | Reached XP level 4. HP: 40/40 MP: 3/3
  1575 | D:3      | Found a snail-covered altar of Cheibriados.
  1702 | D:3      | Found a blossoming altar of Fedhas.
  1723 | D:3      | Found a stormy altar of Qazlal.
  1813 | D:3      | Found a glowing silver altar of Zin.
  1858 | D:3      | Reached skill level 1 in Dodging
  1946 | D:3      | Reached skill level 4 in Axes
  1949 | D:3      | Reached XP level 5. HP: 29/46 MP: 4/4
  2280 | D:3      | Reached skill level 5 in Armour
  2834 | D:3      | Reached skill level 5 in Axes
  2834 | D:3      | Reached XP level 6. HP: 53/53 MP: 5/5
  3935 | D:4      | Reached * piety under Ashenzari
  4081 | D:5      | Entered Level 5 of the Dungeon
  4101 | D:5      | Reached skill level 5 in Shields
  4107 | D:5      | Reached skill level 6 in Axes
  4107 | D:5      | Reached XP level 7. HP: 26/60 MP: 6/6
  4437 | D:5      | Noticed a steam dragon
  4445 | D:5      | Slain by a wyvern zombie

Illustrated notes

Levels and vault maps discovered:
D:1:      matt_arrival_grand_opening, layout_rooms
D:2:      layout_loops_ring, shapermc_ecumenical_altar_totnotflames
D:3:      minmay_razor_zed, layout_rooms, mainiacjoe_overflow_brackets,
          grunt_qazlal_sundering, fedhas_altar_3, slow_altar_2
D:4:      layout_basic
D:5:      layout_gridville, serial_shops, shop, minmay_manual_macuahuitl

Skill      XL: |  1  2  3  4  5  6 |
---------------+-------------------+-----
Shields        | 4 5 |  5.3
Armour         | 4 5 |  5.7
Axes           | 3 4 5 6 |  6.0
Fighting       | 4 |  4.8
Dodging        | 1 |  1.4

Action                   |  1- 3 |  4- 6 |  7- 9 || total
-------------------------+-------+-------+-------++-------
Melee: War axe           |    98 |   114 |     6 ||   218
       Headbutt          |    15 |    17 |     1 ||    33
Invok: Curse Item        |     1 |     1 |       ||     2
  Use: Scroll            |     1 |       |       ||     1
Armor: Scale mail        |    51 |    45 |    10 ||   106
Dodge: Dodged            |    37 |    44 |     5 ||    86
Block: Kite shield       |    56 |    51 |     8 ||   115
